Description

Build order from Harstem for DT drops

VOD

https://www.youtube.com/watch?v=EZ5OTkGQogY&t=68s

Replay - 2019-05-12 - (P)Harstem VS (Z)A.I. 1 (Very Easy)

Build Order

Get SALT Encoding   

  12  0:01  Probe  
  13  0:13  Probe  
  14  0:18  Pylon  
  14  0:25  Probe  
  15  0:33  Probe  
  15  0:39  Gateway  
  15  0:41  Probe  
  16  0:47  Assimilator  
  17  0:51  Probe  
  18  1:03  Probe  
  19  1:15  Probe  
  20  1:26  Nexus  
  20  1:33  Cybernetics Core  
  20  1:38  Probe  
  21  1:42  Assimilator  
  21  1:50  Probe  
  21  1:52  Pylon  
  22  2:00  Adept  
  23  2:12  Warp Gate  
  26  2:20  Stalker  
  26  2:22  Twilight Council  
  31  2:48  Robotics Facility  
  36  3:17  Dark Shrine  
  38  3:20  Gateway  
  38  3:29  Warp Prism  
  40  3:34  Gateway x2  
  40  3:46  Assimilator x2  
  43  3:56  Pylon  
  44  4:03  Pylon  
  48  4:30  Dark Templar x4  
  59  4:44  Pylon  
  59  4:48  Observer  
  59  4:52  Nexus  
  59  4:56  Archon x2  
  59  4:57  Immortal  
  60  5:00  Forge  
  60  5:10  Sentry x2  
  70  5:25  Immortal  
  70  5:27  Protoss Ground Weapons Level 1  
  70  5:33  Charge  
  78  5:54  Immortal  
  78  5:56  Gateway x2  
  78  6:01  Gateway x2  
  84  6:12  Sentry x2  
  88  6:20  Sentry  
  91  6:29  Sentry  
  93  6:36  Zealot x2  
  99  6:50  Zealot x4  
  101  6:56  Zealot x4  
Spawning Tool Build Advisor. Get it on Overwolf

Go to:

Details

  • Created by: bTV_HoBuHuTe
  • Published on: Mar 10, 2020
  • Modified on: Mar 10, 2020
  • Patch: 4.11.0
Show
View Real Time Build Order
Export as new Build Order

Comments (0)

There are no comments. Be the first!

Create an account to comment!